 Dungeon Crawl Stone Soup version 0.23-a0-338-g8ff0b24 (webtiles) character file.

126 Garbasso the Skirmisher (level 4, -4/37 HPs)
             Began as a Demonspawn Fighter on Oct 18, 2018.
             Slain by a phantom (7 damage)
             ... on level 5 of the Dungeon.
             The game lasted 00:09:17 (2766 turns).

Garbasso the Skirmisher (Demonspawn Fighter)        Turns: 2766, Time: 00:09:18

Health: -4/37      AC:  8    Str: 17    XL:     4   Next: 83%
Magic:  4/4        EV:  4    Int: 10    God:
Gold:   95         SH:  9    Dex: 12    Spells: 3/3 levels left

rFire    . . .     SeeInvis .   a - +0 war axe
rCold    + . .     Gourm    .   c - +0 shield
rNeg     . . .     Faith    .   q - +0 chain mail
rPois    .         Spirit   .   (helmet restricted)
rElec    .         Reflect  .   (no cloak)
rCorr    .         Harm     .   (no gloves)
MR       .....                  (no boots)
Stlth    ..........             (no amulet)
HPRegen  0.12/turn              (no ring)
MPRegen  0.09/turn              (no ring)

@: no status effects
A: horns 1, cold resistance 1
a: no special abilities


You were on level 5 of the Dungeon.
You were not hungry.

You visited 1 branch of the dungeon, and saw 5 of its levels.

You collected 95 gold pieces.

Inventory:

Hand Weapons
 a - a +0 war axe (weapon)
Missiles
 p - 5 tomahawks (quivered)
Armour
 c - a +0 shield (worn)
 q - a +0 chain mail (worn)
Jewellery
 t - an uncursed ring of resist corrosion {unknown}
Wands
 s - a wand of paralysis (10)
Scrolls
 h - 7 scrolls of identify {unknown}
 i - 3 scrolls of remove curse {unknown}
 r - a scroll of teleportation {unknown}
Potions
 d - a potion of might
 e - 2 potions of ambrosia {unknown}
 g - a potion of brilliance {unknown}
 j - a potion of heal wounds {unknown}
 k - 2 potions of flight {unknown}
 l - 3 potions of curing {unknown}
 m - a potion of lignification {unknown}
 n - a potion of agility {unknown}
 o - a potion of berserk rage {unknown}
Comestibles
 b - 4 chunks of flesh
 f - 6 rations


   Skills:
 + Level 3.7 Fighting
 * Level 3.5 Axes
 - Level 2.6 Armour
 + Level 3.3 Shields


You had 3 spell levels left.
You didn't know any spells.
Your spell library was empty.

Dungeon Overview and Level Annotations

Branches:
Dungeon (5/15)
 Temple: D:4-7

Altars:

Annotations:
D:5 Menkaure


Innate Abilities, Weirdness & Mutations

You have a pair of small horns on your head.
Your flesh is cold resistant. (rC+)


Message History

The frilled lizard completely misses you.
You block the frilled lizard's attack.
Your chain mail prevents you from hitting the frilled lizard.
The frilled lizard bites you but does no damage.
You miss the frilled lizard. You headbutt the frilled lizard.
You kill the frilled lizard!
Menkaure hits you.
* * * LOW HITPOINT WARNING * * *
You hit Menkaure. You headbutt Menkaure.
Menkaure is lightly damaged.
You barely miss the phantom. You block the phantom's attack.
Menkaure grins.
Menkaure calls on the powers of darkness!
You feel a surge of unholy energy.
You barely miss Menkaure. You headbutt Menkaure.
Menkaure is moderately damaged.
You hit the phantom. Menkaure hits you but does no damage.
The phantom hits you but does no damage.
Menkaure hits you but does no damage. The phantom hits you!
You die...

#.. #.. #.. ##+#
#..##..+ ##......#
#.......#######
#...M...#.....####
#....<..#@M.......
#.......##W...##.
#.......##....#
##............#
#................
#......##....##..
#......####### .
#....... #..##..#


You could see a phantom and Menkaure.

Vanquished Creatures
  An orc priest (D:3)
  An adder (D:3)
  3 worms (D:2)
  2 dart slugs
  2 leopard geckos
  7 orcs
  A ball python (D:2)
  14 giant cockroaches (D:2)
  7 hobgoblins
  3 kobolds
  2 quokkas (D:3)
  7 bats
  3 frilled lizards
  3 goblins (D:1)
  6 rats
62 creatures vanquished.

Notes
Turn   | Place    | Note
-------+----------+-------------------------------------------
     0 | D:1      | Garbasso the Demonspawn Fighter began the quest for the
                  | Orb.
     0 | D:1      | Reached XP level 1. HP: 18/18 MP: 1/1
   453 | D:1      | Gained mutation: Your flesh is cold resistant. (rC+)
                  | [demonic ancestry]
   453 | D:1      | Reached XP level 2. HP: 23/24 MP: 2/2
  1332 | D:2      | You fall through a shaft!
  1341 | D:3      | Reached XP level 3. HP: 24/29 MP: 3/3
  1954 | D:2      | Gained mutation: You have a pair of small horns on your
                  | head. [demonic ancestry]
  1954 | D:2      | Reached XP level 4. HP: 28/35 MP: 4/4
  2514 | D:3      | Found a faded altar of an unknown god.
  2727 | D:3      | You fall through a shaft!
  2727 | D:4      | Noticed an ogre
  2731 | D:4      | Noticed a phantom
  2752 | D:5      | Entered Level 5 of the Dungeon
  2752 | D:5      | Noticed Menkaure
  2766 | D:5      | Slain by a phantom

Vault maps used:
D:1:      ncdulo_smallfort, chequers_serial_rivers_small_b, minmay_tromino_i2
D:2:      minmay_roachtagon
D:3:      first_ration, chequers_ecumenical_altar_simple_redux
D:4:      lemuel_coloured_pillars_altar, minmay_temple_entry_statues_fountains,
          serial_bayou_crossing
D:5:      uniq_menkaure

Skill      XL: |  1  2  3 |
---------------+----------+-----
Axes           | 2 3 |  3.5
Shields        | 3 |  3.3
Fighting       | |  3.7
Armour         | |  2.6

Action                   |  1- 3 |  4- 6 || total
-------------------------+-------+-------++-------
Melee: War axe           |   172 |    41 ||   213
       Headbutt          |       |     9 ||     9
  Eat: Chunk             |     4 |     2 ||     6
Armor: Scale mail        |    74 |       ||    74
       Chain mail        |    19 |    31 ||    50
Dodge: Dodged            |    54 |    10 ||    64
Block: Shield            |    84 |    40 ||   124

Table legend:
 A = Non-vault XP
 B = Vault XP
 C = Vault XP percentage of total XP
 D = Non-vault monster count
 E = Vault monster count
 F = Vault count percentage of total count
                 A         B        C        D         E       F
            +---------+---------+-------+---------+---------+-------
      Total |     153 |      27 |  15.0 |      48 |      14 |  22.6
            +---------+---------+-------+---------+---------+-------
        D:1 |      18 |       1 |   5.3 |      10 |       1 |   9.1
        D:2 |      49 |      26 |  34.7 |      20 |      13 |  39.4
        D:3 |      82 |       0 |   0.0 |      16 |       0 |   0.0
        D:5 |       4 |       0 |   0.0 |       2 |       0 |   0.0
            +---------+---------+-------+---------+---------+-------
